 Dungeon Crawl Stone Soup version 0.31-a0-816-gd61d57ddb1 (webtiles) character file.

Game seed: 9362347349601241100

137 Dirtsage the Chopper (level 5, 37/41 HPs)
             Began as a Demonspawn Fighter on Sept 23, 2023.
             Quit the game in a sewer.
             The game lasted 00:02:40 (1642 turns).

Dirtsage the Chopper (Demonspawn Fighter)           Turns: 1642, Time: 00:02:40

Health: 37/41      AC: 13    Str: 18    XL:     5   Next: 0%
Magic:  5/5        EV:  5    Int: 10    God:
Gold:   97         SH:  4    Dex: 12    Spells: 4/4 levels left

rFire   . . .        a - +0 war axe
rCold   . . .        c - +0 buckler
rNeg    . . .        g - +0 plate armour
rPois   .            l - +0 helmet
rElec   .            u - +0 cloak
rCorr   .            (no gloves)
SInv    .            (no boots)
Will    .....        (no amulet) Stlth
                     (no ring)
HPRegen 0.26/turn    (no ring)
MPRegen 0.09/turn

%: no passive effects
@: very slow
A: demonic guardian 2, demonic magic 1
a: no special abilities


You were in a sewer.
You visited 1 branch of the dungeon, and saw 3 of its levels.
You also visited: Sewer.

You collected 97 gold pieces.

Inventory:

Hand Weapons
 a - a +0 war axe (weapon)
Armour
 b - a +0 scale mail
 c - a +0 buckler (worn)
 g - a +0 plate armour (worn)
 l - a +0 helmet (worn)
 u - a +0 cloak (worn)
Jewellery
 m - a ring of ice
 n - a +6 ring of strength
Scrolls
 i - 3 scrolls of enchant weapon {unknown}
 o - a scroll of fog {unknown}
 q - a scroll of teleportation {unknown}
 t - a scroll of immolation {unknown}
Potions
 d - a potion of might
 e - a potion of curing {unknown}
 f - a potion of magic {unknown}
 h - a potion of ambrosia {unknown}
 j - a potion of mutation {unknown}
 k - a potion of attraction {unknown}
 p - a potion of cancellation {unknown}
 r - a potion of resistance {unknown}
 s - a potion of enlightenment {unknown}


   Skills:
 - Level 3.0 Fighting
 + Level 4.7 Axes
 - Level 2.6 Armour
 - Level 2.6 Shields


You had 4 spell levels left.
You didn't know any spells.
Your spell library was empty.

Dungeon Overview and Level Annotations

Branches:
Dungeon (3/15)              Sewer (1/1)

Altars:


Innate Abilities, Weirdness & Mutations

A demonic guardian rushes to your aid.
Spells you cast may paralyse adjacent enemies.


Message History

The frilled lizard bites you but does no damage.
You hit the ball python.
The ball python is severely wounded.
You closely miss the frilled lizard. You closely miss the ball python.
The ball python bites you but does no damage. x2
The ball python constricts you. You block the frilled lizard's attack.
You take 1 damage, and have 32/35 hp.
You slash the ball python!
You kill the ball python!
You hit the ball python. You hit the frilled lizard.
You kill the frilled lizard!
The ball python bites you but does no damage.
The ball python grabs you. The ball python constricts you.
The ball python bites you but does no damage.
The ball python constricts you.
Your unstable footing causes you to fumble your attack.
The ball python bites you but does no damage.
The ball python constricts you.
The endoplasm hits you but does no damage.
The giant cockroach bites you but does no damage.
Your unstable footing causes you to fumble your attack.
The ball python bites you but does no damage.
The ball python constricts you.
The endoplasm hits you but does no damage.
The giant cockroach bites you but does no damage.
The ball python barely misses you. The ball python constricts you.
You hit the ball python.
You kill the ball python!
You hit the giant cockroach. You hit the endoplasm.
You block the giant cockroach's attack.
The endoplasm splashes around in the water.
You block the giant cockroach's attack. The endoplasm freezes you.
You are frozen.
A demonic guardian appears!
You have reached level 5!
Your demonic ancestry asserts itself...
A menacing aura infuses your magic.
You regained 4 hp, and now have 37/41 hp.
MP restored: 5 Are you sure you want to abandon this character and quit the game? (Confirm with "yes".)

#### ##.∩.##
###~~~.~~~
##~~.~.~~~~
##~.†B4~~...
##~~~@J#
#~~~~###
#†~~##
##~~## #~~~#
#~~## ##~~#
##### #..~#
#.~~~ #††##
#.~~~


You could see an endoplasm, a giant cockroach (ally target) and a friendly rust
devil (summoned).

Vanquished Creatures
  7 adders
  An ufetubus (D:2)
  2 worms (D:2)
  A dart slug (D:2)
  7 endoplasms
  7 giant cockroaches
  2 goblins
  7 hobgoblins
  5 quokkas
  6 ball pythons
  3 bats
  7 frilled lizards
  A kobold (D:1)
  2 rats
58 creatures vanquished.

Vanquished Creatures (collateral kills)
  A frilled lizard (Sewer)
1 creature vanquished.

Grand Total: 59 creatures vanquished

Notes
Turn   | Place    | Note
-------+----------+-------------------------------------------
     0 | D:1      | Dirtsage the Demonspawn Fighter began the quest for the
                  | Orb.
     0 | D:1      | Reached XP level 1. HP: 18/18 MP: 1/1
    59 | D:1      | Reached skill level 2 in Axes
   247 | D:1      | Gained mutation: A weak demonic guardian rushes to your
                  | aid. [demonic ancestry]
   247 | D:1      | Reached XP level 2. HP: 17/24 MP: 2/2
   708 | D:2      | Reached skill level 3 in Axes
   769 | D:2      | Reached XP level 3. HP: 27/29 MP: 3/3
   914 | D:2      | Reached skill level 4 in Axes
   914 | D:2      | Gained mutation: A demonic guardian rushes to your aid.
                  | [demonic ancestry]
   914 | D:2      | Reached XP level 4. HP: 23/35 MP: 4/4
  1336 | D:3      | Found a glowing drain.
  1384 | Sewer    | Entered a sewer
  1642 | Sewer    | Gained mutation: Spells you cast may paralyse adjacent
                  | enemies. [demonic ancestry]
  1642 | Sewer    | Reached XP level 5. HP: 37/41 MP: 5/5
  1642 | Sewer    | Quit the game

Illustrated notes

Levels and vault maps discovered:
D:1:      psy_arrival_fountain, layout_basic, minivault_24
D:2:      layout_rooms
D:3:      layout_loops_cross, cheibrodos_sewer_entry_drain,
          hellmonk_ecumenical_altar_heavens_door, minmay_starry_boxes
Sewer:    sewer_frog_island_02

Skill      XL: |  1  2  3 |
---------------+----------+-----
Axes           | 2 3 4 |  4.7
Fighting       | |  3.0
Armour         | |  2.6
Shields        | |  2.6

Action                     |  1- 3 |  4- 6 || total
---------------------------+-------+-------++-------
  Melee: War axe           |    93 |    87 ||   180
 Armour: Scale mail        |    85 |    19 ||   104
         Plate armour      |       |    69 ||    69
  Dodge: Dodged            |    44 |    24 ||    68
  Block: Buckler           |    23 |    25 ||    48

Table legend: (Time is in decaauts)
 A = Elapsed time spent in this place.
 B = Non-inter-level travel time spent in this place.
 C = Inter-level travel time spent in this place.
 D = Time resting spent in this place.
 E = Time spent auto-exploring this place.
 F = Levels seen in this place.
 G = Mean time per level.
                   A        B        C        D        E       F      G
               +--------+--------+--------+--------+--------+-----+--------+
         Total |   1744 |   1675 |     69 |      0 |   1194 |   4 |  436.0 |
       Dungeon |   1436 |   1367 |     69 |      0 |   1036 |   3 |  478.7 |
         Sewer |    307 |    307 |      0 |      0 |    158 |   1 |  307.0 |
               +--------+--------+--------+--------+--------+-----+--------+

Top non-repeatable levels by time:
     D:1: 713 daAuts
     D:2: 664 daAuts
   Sewer: 307 daAuts
     D:3: 58 daAuts
